 Dungeon Crawl Stone Soup version 0.20-a0-1122-gb7cbeb9 (webtiles) character file.

20748 Lochraine the Martial Artist (level 12, -26/126 HPs)
             Began as a Grey Draconian Transmuter on May 12, 2017.
             Was an Elder of Makhleb.
             Killed from afar by a lindwurm (58 damage)
             ... with a blast of flame
             ... on level 5 of the Lair of Beasts.
             The game lasted 00:56:16 (17124 turns).

Lochraine the Martial Artist (DrTm)                Turns: 17124, Time: 00:56:17

Health: -26/126    AC: 10    Str: 12    XL:     12   Next: 48%
Magic:  21/23      EV: 13    Int: 19    God:    Makhleb [****..]
Gold:   319        SH:  0    Dex: 12    Spells: 8/23 levels left

rFire    x . .     SeeInvis .     - Unarmed
rCold    + + +     Gourm    .   (shield currently unavailable)
rNeg     . . .     Faith    .   (armour unavailable)
rPois    +         Spirit   .   (helmet currently unavailable)
rElec    +         Reflect  .   (cloak currently unavailable)
rCorr    +         Harm     .   (gloves currently unavailable)
MR       .....                  (boots currently unavailable)
Stlth    ..........             (no amulet)
Regen    0.4/turn               P - ring of Kitoesi {rCorr rElec Slay+2 Stlth-}
MPRegen  0.2/turn               E - +3 ring of protection

@: ice-form
A: (walk through water), unfitting armour, high mp 1, MP-powered wands, AC +13
a: End Transformation, Minor Destruction, Lesser Servant of Makhleb, Major
Destruction, Renounce Religion


You were on level 5 of the Lair of Beasts.
You worshipped Makhleb.
Makhleb was greatly pleased with you.
You were not hungry.
You were a creature of crystalline ice.
You visited 3 branches of the dungeon, and saw 15 of its levels.
You also visited: Labyrinth.

You collected 669 gold pieces.
You spent 350 gold pieces at shops.

Inventory:

Missiles
 a - 19 arrows
Armour
 D - a +1 pair of boots (melded)
   (You found it on level 6 of the Dungeon)
 O - a +0 cloak (melded)
   (You found it on level 1 of the Lair of Beasts)
 Q - a +2 pair of gloves of strength (melded)
   (You found it on level 2 of the Lair of Beasts)
Jewellery
 c - an uncursed ring of poison resistance
   (You found it on level 1 of the Dungeon)
 g - an uncursed ring of stealth
   (You found it in a labyrinth)
 h - a +3 ring of intelligence
   (You found it on level 1 of the Dungeon)
 o - an uncursed ring of wizardry
   (You found it on level 2 of the Dungeon)
 t - an uncursed ring of flight
   (You found it on level 2 of the Dungeon)
 E - a +3 ring of protection (right front paw)
   (You found it on level 6 of the Dungeon)
 P - the ring of Kitoesi (left front paw) {rCorr rElec Slay+2 Stlth-}
   (You took it off a minotaur on level 3 of the Lair of Beasts)

   [ring of resist corrosion]

   It affects your accuracy and damage with ranged weapons and melee attacks
   (+2).
   It insulates you from electricity.
   It makes you less stealthy.
Wands
 k - a wand of enslavement (5/24)
   (You took it off Ijyb on level 4 of the Dungeon)
 u - a wand of paralysis (15/24)
   (You found it on level 6 of the Dungeon)
 y - a wand of confusion (19/48)
   (You found it on level 4 of the Lair of Beasts)
 F - a wand of polymorph (15/24)
   (You found it on level 7 of the Dungeon)
Scrolls
 e - a scroll of immolation {!r}
 j - 5 scrolls of remove curse {@r2}
 l - a scroll of amnesia
 p - 3 scrolls of noise {!r}
 s - 2 scrolls of recharging
 v - a scroll of magic mapping
 B - 3 scrolls of enchant weapon
 J - 2 scrolls of fog
 L - 6 scrolls of identify {@r1}
 M - 3 scrolls of teleportation {@r4}
Potions
 d - 4 potions of brilliance
 m - a potion of cancellation
 n - 3 potions of haste {@q3}
 r - 2 potions of lignification {!q}
 w - 5 potions of heal wounds {@q2}
 x - a potion of degeneration {!q}
 z - 7 potions of curing {@q1}
 A - 3 potions of flight
 C - 2 potions of ambrosia
 H - 2 potions of mutation {!q}
 I - a potion of invisibility
Books
 b - a book of Changes
 f - Sif Muna's Tome of Nature
   (You found it on level 9 of the Dungeon)

   Spells                             Type                      Level
   a - Summon Small Mammal            Summoning                    1
   b - Beastly Appendage              Transmutation                1
   c - Call Canine Familiar           Summoning                    3
   d - Spider Form                    Transmutation/Poison         3
 G - a book of Geomancy
   (You found it in a labyrinth)
Comestibles
 q - 5 bread rations
 K - a meat ration
 N - 10 fruits


   Skills:
 + Level 9.5 Fighting
 + Level 7.5 Dodging
 + Level 11.4 Unarmed Combat
 - Level 6.3 Spellcasting
 + Level 11.0 Transmutations
 - Level 1.6 Ice Magic
 - Level 4.6 Invocations


You had 8 spell levels left.
You knew the following spells:

 Your Spells              Type           Power        Failure   Level  Hunger
a - Beastly Appendage     Tmut           #####.       1%          1    None
b - Sticks to Snakes      Tmut           #####...     1%          2    None
c - Ice Form              Ice/Tmut       ####....     8%          4    ####...
d - Blade Hands           Tmut           #####.....   3%          5    #####..
x - Spider Form           Tmut/Pois      ####......   3%          3    ##.....


Dungeon Overview and Level Annotations

Branches:
Dungeon (9/15)             Temple (1/1) D:4            Lair (5/6) D:9
 Shoals (0/4) Lair:4       Spider (0/4) Lair:3
  Slime: Lair:5-6       Orc: D:9-12

Altars:
Ashenzari
Cheibriados
Dithmenos
Elyvilon
Fedhas
Gozag
Hepliaklqana
Kikubaaqudgha
Makhleb
Nemelex Xobeh
Okawaru
Qazlal
Ru
Sif Muna
Trog
Uskayaw
Vehumet
Wu Jian
Xom
Yredelemnul
Zin
The Shining One

Shops:
D:7 (!   D:8 [   D:9 :

Annotations:
D:9 1 runed door, exclusion: oklob sapling


Innate Abilities, Weirdness & Mutations

((You can walk through water.))
((Your dull iron-grey scales are very hard. (AC +13)))
You cannot fit into any form of body armour.
((You can survive without breathing.))
((You are cold-blooded and may be slowed by cold attacks.))
You have an increased reservoir of magic. (+10% MP)
You expend magic power (3 MP) to strengthen your wands.


Message History

Your adder bites the seven-headed hydra.
Your adder's attack snaps the seven-headed hydra out of its fear.
Your adder bites the seven-headed hydra.
The seven-headed hydra is poisoned.
Your adder poisons the seven-headed hydra!
The seven-headed hydra barely misses you. x2
The seven-headed hydra bites you.
* * * LOW HITPOINT WARNING * * *
The seven-headed hydra bites you.
* * * LOW HITPOINT WARNING * * *
The seven-headed hydra bites you.
* * * LOW HITPOINT WARNING * * *
The seven-headed hydra bites you but does no damage.
The seven-headed hydra barely misses you.
Your adder barely misses the seven-headed hydra. x2
Your adder bites the seven-headed hydra.
Unknown command.
Unknown command.
Your adder bites the seven-headed hydra.
Your adder bites the seven-headed hydra.
There is a stone staircase leading up here.
Your adder bites the seven-headed hydra.
Okay, then.
Okay, then.
Here: a seven-headed hydra (heavily wounded, poisoned)
The floor.
Your adder bites the seven-headed hydra.
Your adder bites the seven-headed hydra.
Your adder bites the seven-headed hydra.
The seven-headed hydra bites your adder.
The seven-headed hydra barely misses your adder.
The seven-headed hydra bites your adder!
Your adder dies!
The seven-headed hydra misses your adder.
The seven-headed hydra closely misses your adder.
The seven-headed hydra misses your adder.
The seven-headed hydra barely misses your adder.
Your adder bites the seven-headed hydra.
Found a scale mail.
Your adder barely misses the seven-headed hydra.
The seven-headed hydra closely misses your adder.
The seven-headed hydra bites your adder!
Your adder dies!
The seven-headed hydra bites your adder!!
Your adder dies!
The seven-headed hydra roars!
The seven-headed hydra looks more healthy.
The lindwurm breathes flames at you. The blast of flame hits you!
The fire burns you terribly!
You die...

........#.P..P####..........
.............................
.............................
.........................#.....
.................P........##...
...#.#.....#...D.#P......##......
#P..##...#.#....##..............#
..P.............#................
#...............Y.......#.P#.....
.............P...................
............PkP..#...............
..........P..PPP..P....<.....>...
.......P.........................
.................................
.................................
..............#.......#..........
...............#......##....#....


You could see a seven-headed hydra and a lindwurm.

Vanquished Creatures
  Snorg (Lair:3)
  A hydra (Lair:4)
  An anaconda (Lair:3)
  A two-headed ogre (D:9)
  2 death yaks (Lair:4)
  2 manticores
  5 elephants
  Joseph (D:8)
  2 black mambas (Lair:1)
  4 spiny frogs
  3 komodo dragons
  2 rime drakes
  A polar bear (Lair:5)
  8 blink frogs
  3 hippogriffs
  9 yaks
  A basilisk (Lair:2)
  2 wyverns
  Grum (Lair:1)
  3 water moccasins
  7 porcupines
  An ice beast (D:8)
  3 orc warriors
  A black bear (D:9)
  2 phantoms
  3 sky beasts
  An ogre (D:9)
  12 wolves
  2 centaurs (D:5)
  7 crocodiles
  2 big kobolds
  5 bullfrogs
  2 scorpions
  3 killer bees (D:9)
  6 howler monkeys
  4 electric eels (Lair:4)
  7 crimson imps
  A jelly (D:8)
  A bullfrog zombie (D:5)
  A wyvern simulacrum (D:9)
  5 orc priests
  4 hounds
  An iguana (D:7)
  Ijyb (D:4)
  11 orc wizards
  3 worker ants
  A hound zombie (D:8)
  A howler monkey skeleton (D:9)
  7 adders
  2 shadow imps (D:7)
  An adder skeleton (D:7)
  4 worms
  2 dart slugs
  6 leopard geckos
  28 orcs
  10 bats
  4 giant cockroaches
  5 goblins
  5 hobgoblins
  16 jackals
  4 quokkas
  3 ball pythons
  4 frilled lizards (D:2)
  13 kobolds
  3 rats
  A plant (D:9)
269 creatures vanquished.

Vanquished Creatures (collateral kills)
  A minotaur (Lair:3)
  Erolcha (D:9)
  An elephant (Lair:3)
  A hippogriff (D:8)
  A basilisk (Lair:5)
  Menkaure (D:6)
  A water moccasin (D:9)
  An ice beast (D:8)
  A howler monkey (D:8)
  A bullfrog zombie (D:9)
  2 orc wizards (D:8)
  A centaur skeleton (D:8)
  4 orc priests
  2 worker ants (D:9)
  A hound zombie (D:9)
  A howler monkey zombie (D:8)
  2 adders (D:9)
  A shadow imp (D:9)
  8 orcs
  5 ball pythons (D:9)
  2 kobolds (D:9)
39 creatures vanquished.

Vanquished Creatures (others)
  A bush (D:9)
  4 fungi (Lair:3)
  5 plants
10 creatures vanquished.

Grand Total: 318 creatures vanquished

Notes
Turn   | Place    | Note
-------+----------+-------------------------------------------
     0 | D:1      | Lochraine the Draconian Transmuter began the quest for the Orb.
     0 | D:1      | Reached XP level 1. HP: 16/16 MP: 3/3
   456 | D:1      | Reached XP level 2. HP: 23/23 MP: 3/5
   619 | D:1      | Learned a level 2 spell: Sticks to Snakes
   860 | D:2      | Reached XP level 3. HP: 19/28 MP: 4/6
   899 | D:2      | Learned a level 3 spell: Spider Form
  1671 | D:3      | Reached XP level 4. HP: 27/35 MP: 4/8
  1681 | D:3      | Gained mutation: You expend magic power (3 MP) to strengthen your wands. [potion of mutation]
  1681 | D:3      | Gained mutation: You have an increased reservoir of magic. (+10% MP) [potion of mutation]
  2057 | D:3      | Found an ornate altar of the Wu Jian Council.
  2243 | D:3      | Reached XP level 5. HP: 40/40 MP: 6/10
  2905 | D:4      | Found a staircase to the Ecumenical Temple.
  3019 | D:4      | Noticed Ijyb
  3062 | D:4      | Killed Ijyb
  3247 | D:4      | Reached XP level 6. HP: 43/48 MP: 8/12
  3570 | D:5      | Entered Level 5 of the Dungeon
  3882 | Temple   | Entered the Ecumenical Temple
  4046 | Temple   | Became a worshipper of Makhleb the Destroyer
  4159 | D:5      | Your scales start taking on a dull iron-grey colour.
  4159 | D:5      | Reached XP level 7. HP: 33/57 MP: 7/14
  4159 | D:5      | Gained mutation: You can survive without breathing. [Grey Draconian growth]
  4164 | D:5      | Reached skill level 5 in Unarmed Combat
  4164 | D:5      | Reached skill level 1 in Invocations
  4716 | D:5      | Found a blossoming altar of Fedhas.
  5225 | D:5      | Learned a level 4 spell: Ice Form
  5242 | D:6      | Reached skill level 5 in Transmutations
  5283 | D:6      | Reached skill level 1 in Ice Magic
  5521 | D:6      | Found an iron altar of Okawaru.
  5561 | D:6      | Found a sacrificial altar of Ru.
  5577 | D:6      | Found a shadowy altar of Dithmenos.
  5788 | D:6      | Noticed Menkaure
  5892 | D:6      | Killed Menkaure
  5892 | D:6      | Reached XP level 8. HP: 25/64 MP: 7/16
  6436 | D:6      | Found a shimmering altar of Xom.
  6725 | D:7      | Reached * piety under Makhleb
  6814 | D:7      | Found Ginn's Antique Weapon Emporium.
  6948 | D:7      | Noticed a hippogriff
  6969 | D:7      | Killed a hippogriff
  7008 | D:7      | Learned a level 5 spell: Blade Hands
  7385 | D:7      | Found an ornate altar of the Wu Jian Council.
  7572 | D:7      | Found Jeommia's Distillery.
  7575 | D:7      | Bought a potion of heal wounds for 70 gold pieces
  7575 | D:7      | Bought a potion of heal wounds for 70 gold pieces
  7575 | D:7      | Bought a potion of heal wounds for 70 gold pieces
  7575 | D:7      | Bought 2 potions of heal wounds for 140 gold pieces
  7754 | D:8      | Found Kapryf Sagit's Antique Armour Shoppe.
  7782 | D:8      | Reached XP level 9. HP: 71/71 MP: 14/17
  7868 | D:8      | Reached ** piety under Makhleb
  7886 | D:8      | Noticed Joseph
  8237 | D:8      | Killed Joseph
  8304 | D:8      | Reached skill level 5 in Spellcasting
  8993 | D:9      | Found a runed door.
  8993 | D:9      | Noticed a catoblepas
  8993 | D:9      | Noticed an ice dragon
  8995 | D:9      | Noticed a great orb of eyes
  8996 | D:9      | Noticed a deep elf archer
  8996 | D:9      | Noticed a deep elf mage
  9106 | D:9      | Found a staircase to the Lair.
  9161 | D:9      | Noticed a two-headed ogre
  9180 | D:9      | Killed a two-headed ogre
  9186 | D:9      | Reached XP level 10. HP: 80/80 MP: 11/20
  9303 | D:9      | Found Goobap's Book Shop.
  9312 | D:9      | Noticed Erolcha
  9330 | D:9      | Paralysed by Erolcha for 5 turns
  9333 | D:9      | Noticed a manticore
  9361 | D:9      | Reached *** piety under Makhleb
  9632 | D:9      | Killed Erolcha
  9632 | D:9      | Reached skill level 5 in Fighting
  9736 | D:9      | Identified Sif Muna's Tome of Nature
  9745 | D:9      | Found a blossoming altar of Fedhas.
 10157 | D:9      | Killed a manticore
 10425 | Lair:1   | Entered Level 1 of the Lair of Beasts
 10524 | Lair:1   | Noticed a black mamba
 10531 | Lair:1   | Killed a black mamba
 11227 | Lair:1   | Noticed Grum
 11247 | Lair:1   | Killed Grum
 11247 | Lair:1   | Reached **** piety under Makhleb
 11460 | Lair:1   | Noticed a black mamba
 11467 | Lair:1   | Killed a black mamba
 11632 | Lair:2   | Noticed a spiny frog
 11642 | Lair:2   | Killed a spiny frog
 11813 | Lair:2   | Reached XP level 11. HP: 91/91 MP: 17/22
 12592 | Lair:3   | Reached skill level 5 in Dodging
 12592 | Lair:3   | Reached skill level 10 in Unarmed Combat
 12881 | Lair:3   | Found a hole to the Spider Nest.
 12908 | Lair:3   | Noticed Snorg
 12922 | Lair:3   | Killed Snorg
 13276 | Lair:3   | Noticed an anaconda
 13588 | Lair:3   | Killed an anaconda
 13968 | Lair:4   | Found a labyrinth entrance.
 14138 | Lab      | Entered a labyrinth
 14272 | Lab      | Noticed a minotaur
 14548 | Lair:3   | Reached skill level 10 in Transmutations
 15375 | Lair:3   | Killed a minotaur
 15384 | Lair:3   | Got a scintillating brass ring
 15387 | Lair:3   | Identified the ring of Kitoesi {rCorr rElec Slay+2 Stlth-} (You took it off a minotaur on level 3 of the Lair of Beasts)
 15558 | Lair:3   | Reached XP level 12. HP: 62/103 MP: 17/23
 15775 | Lair:4   | Noticed a death yak
 15789 | Lair:4   | Noticed a death yak
 15795 | Lair:4   | Killed a death yak
 15801 | Lair:4   | Killed a death yak
 16031 | Lair:4   | Found a staircase to the Shoals.
 16035 | Lair:4   | Noticed an eight-headed hydra
 16110 | Lair:4   | Killed an eight-headed hydra
 17096 | Lair:5   | Noticed a seven-headed hydra
 17124 | Lair:5   | Killed from afar by a lindwurm

Vault maps used:
D:1:      lightli_arrival_maybe_door_vault
D:3:      nicolae_overflow_hidden_temple
D:4:      minmay_temple_entry_from_below_a, uniq_ijyb
D:5:      lemuel_coloured_pillars_altar, first_bread
D:6:      nicolae_overflow_quartered_altars, serial_corexii_hall,
          corexii_hall_statues_i, corexii_hall_statues_s, uniq_menkaure
D:7:      serial_shops, shop_statue, nicolae_shop_trees, basic_altar,
          kennysheep_generic_room_4
D:8:      serial_shops, shop, serial_bayou_lagoon_a, lemuel_another_geyser,
          uniq_joseph
D:9:      minmay_gate_of_8, lair_entry_dummy, serial_shops,
          nicolae_shop_waterfront, introduction_to_nature_2, uniq_erolcha
Temple:   eino_temple_rhombus
Lair:1:   st_stairs_4, nicolae_quartered_pool_medium, uniq_grum
Lair:2:   lemuel_fruit_tree, infiniplex_staircase_pool_2
Lair:3:   dummy_spider_entry, uniq_snorg
Lair:4:   shoals_dummy_entry, lab_entry_generic, serial_bayou_lake_a
Lair:5:   serial_bayou_shore_b, infiniplex_staircase_pool
Lab:      nicolae_lab_dead_adventurers, lab_block, nicolae_lab_checkerboard

Skill      XL: |  1  2  3  4  5  6  7  8  9 10 11 12 |
---------------+-------------------------------------+-----
Transmutations | 3 4 5 6 8 9 10 11 | 11.0
Spellcasting   | 3 4 5 6 |  6.3
Unarmed Combat | 4 5 7 8 9 10 11 | 11.4
Fighting       | 2 3 4 6 8 9 |  9.5
Invocations    | 1 2 4 |  4.6
Ice Magic      | 1 |  1.6
Dodging        | 3 4 6 7 |  7.5

Action                   |  1- 3 |  4- 6 |  7- 9 | 10-12 || total
-------------------------+-------+-------+-------+-------++-------
Melee: Unarmed           |   111 |   180 |   415 |   516 ||  1222
       Tailslap          |     8 |     9 |    39 |    50 ||   106
       Kick              |     4 |     5 |     3 |       ||    12
       Headbutt          |     4 |       |    26 |     6 ||    36
       Punch             |       |     1 |     8 |    15 ||    24
 Cast: Beastly Appendage |    10 |     2 |    17 |     3 ||    32
       Spider Form       |     6 |    15 |     3 |     1 ||    25
       Sticks to Snakes  |     1 |     2 |    31 |    50 ||    84
       Ice Form          |       |       |     6 |    17 ||    23
       Blade Hands       |       |       |     1 |    21 ||    22
Invok: Minor Destruction |       |       |       |    13 ||    13
       Lesser Servant of |       |       |       |     9 ||     9
 Abil: End Transformatio |       |     1 |       |       ||     1
Evoke: Wand              |       |     1 |     3 |       ||     4
  Use: Potion            |       |     3 |     5 |     7 ||    15
       Scroll            |       |     5 |     8 |    20 ||    33
 Stab: Sleeping          |     2 |     1 |       |       ||     3
       Paralysed         |       |       |    10 |       ||    10
       Distracted        |       |       |       |     4 ||     4
  Eat: Chunk             |     3 |     6 |    13 |    25 ||    47
       Bread ration      |       |     1 |       |       ||     1
       Meat ration       |       |       |     1 |       ||     1
       Royal jelly       |       |       |       |     5 ||     5
Armor: Skin              |    28 |    39 |   200 |   223 ||   490
Dodge: Dodged            |    69 |   114 |   235 |   359 ||   777
